 Dungeon Crawl Stone Soup version 0.21.1-1-g345015f (webtiles) character file.

25 tidbits the Sneak (level 3, -1/25 HPs)
             Began as a Gnoll Enchanter on Apr 7, 2018.
             Hit by a stone thrown by a kobold (2 damage)
             ... on level 2 of the Dungeon.
             The game lasted 00:02:05 (215 turns).

tidbits the Sneak (Gnoll Enchanter)                  Turns: 215, Time: 00:02:06

Health: -1/25      AC:  2    Str: 10    XL:     3   Next: 4%
Magic:  6/9        EV: 14    Int: 18    God:
Gold:   35         SH:  0    Dex: 15    Spells: 2/11 levels left

rFire    . . .     SeeInvis .   b - +2 whip (venom)
rCold    . . .     Gourm    .   (no shield)
rNeg     . . .     Faith    .   h - +0 robe
rPois    .         Spirit   .   (no helmet)
rElec    .         Reflect  .   (no cloak)
rCorr    .         Harm     .   (no gloves)
MR       .....                  (no boots)
Stlth    +++.......             (no amulet)
HPRegen  0.08/turn              (no ring)
MPRegen  0.11/turn              (no ring)

@: no status effects
A: distributed training, fangs 1, strong nose
a: no special abilities


You were on level 2 of the Dungeon.
You were not hungry.

You visited 1 branch of the dungeon, and saw 2 of its levels.

You collected 35 gold pieces.

Inventory:

Hand Weapons
 a - a +1 dagger
 b - a +2 whip of venom (weapon)
   (You found it on level 1 of the Dungeon)
Missiles
 f - a stone (quivered)
Armour
 h - a +0 robe (worn)
Scrolls
 e - a scroll of immolation {unknown}
 g - a scroll of magic mapping {unknown}
 j - a scroll of remove curse {unknown}
 k - a scroll of enchant weapon {unknown}
 l - a scroll of fog {unknown}
Potions
 i - a potion of curing {unknown}
 m - a potion of might {unknown}
Books
 c - a book of Maledictions

   Spells                             Type                      Level
   a - Corona                         Hexes                        1
   b - Ensorcelled Hibernation        Hexes/Ice                    2
   c - Confuse                        Hexes                        3
   d - Tukima's Dance                 Hexes                        3
   e - Dazzling Spray                 Conjuration/Hexes            3
Comestibles
 d - a ration


   Skills:
 + Level 0.5 Fighting
 + Level 2.5 Short Blades
 + Level 0.5 Long Blades
 + Level 0.5 Axes
 + Level 0.5 Maces & Flails
 + Level 0.5 Polearms
 + Level 0.5 Staves
 + Level 0.5 Slings
 + Level 0.5 Bows
 + Level 0.5 Crossbows
 + Level 0.5 Throwing
 + Level 0.5 Armour
 + Level 4.5 Dodging
 + Level 5.9 Stealth
 + Level 0.5 Shields
 + Level 0.5 Unarmed Combat
 + Level 4.9 Spellcasting
 + Level 0.4 Conjurations
 + Level 5.4 Hexes
 + Level 0.4 Charms
 + Level 0.4 Summonings
 + Level 0.4 Necromancy
 + Level 0.4 Translocations
 + Level 0.4 Transmutations
 + Level 0.4 Fire Magic
 + Level 0.4 Ice Magic
 + Level 0.4 Air Magic
 + Level 0.4 Earth Magic
 + Level 0.4 Poison Magic
 + Level 0.7 Invocations
 + Level 0.5 Evocations


You had 2 spell levels left.
You knew the following spells:

 Your Spells              Type           Power        Failure   Level  Hunger
a - Corona                Hex            ###....      1%          1    None
c - Confuse               Hex            ###.....     4%          3    ###....
d - Dazzling Spray        Conj/Hex       ##....       12%         3    ###....
e - Ensorcelled Hibernat  Hex/Ice        ##....       6%          2    #......


Dungeon Overview and Level Annotations

Branches:
Dungeon (2/15)

Altars:


Innate Abilities, Weirdness & Mutations

Your experience applies equally to all skills.
You have very sharp teeth.
Your uncanny sense of smell can sniff out nearby items.


Message History

A kobold comes into view.
The kobold throws a stone.
The stone closely misses you.
You barely miss the kobold. The kobold misses you.
You barely miss the kobold. You bite the kobold, but do no damage.
The kobold misses you.
You closely miss the kobold. The kobold barely misses you.
You hit the kobold.
The kobold is poisoned.
The kobold is moderately wounded.
The kobold barely misses you.
You barely miss the kobold. You bite the kobold.
The kobold is severely wounded.
You kill the kobold!
Found 13 gold pieces.
You see here 13 gold pieces.
You now have 35 gold pieces (gained 13).
Found a stone staircase leading down.
There is a stone staircase leading down here.
You climb downwards.
A bat and an adder come into view.
Found a robe and a yellow potion.
There is a stone staircase leading up here.
Unknown command.
Unknown command.
The helpless bat fails to defend itself.
You whack the bat!
You kill the bat!
Casting: Corona
Confirm with . or Enter, or press ? or * to list all spells.
Aiming: Corona
Press: ? - help, Shift-Dir - straight line, f - adder
Aim: an adder (chance to defeat MR: 70%)
The adder is outlined in light.
The adder barely misses you.
You hit the adder.
The adder is poisoned.
The adder is moderately wounded.
The adder closely misses you. The adder bites you.
* * * LOW HITPOINT WARNING * * *
You hit the adder.
The adder looks as sick as possible!
The adder is severely wounded.
The adder barely misses you.
You hit the adder.
You kill the adder!
There is a stone staircase leading up here.
You see here a yellow potion.
m - a yellow potion A frilled lizard and a kobold come into view.
The kobold throws a stone.
The stone closely misses you.
You see here a stone.
Unknown command.
The frilled lizard hisses angrily.
The kobold hits you.
* * * LOW HITPOINT WARNING * * *
You hit the kobold.
You kill the kobold!
You hit the frilled lizard.
You kill the frilled lizard!
You have reached level 3!
Your experience leads to an increase in your attributes!
Increase (S)trength, (I)ntelligence, or (D)exterity?
You feel clever.
Memorise Confuse, consuming 3 spell levels and leaving 7?
You start memorising the spell.
You continue memorising. x3
You finish memorising.
Spell assigned to 'c'.
Memorise Ensorcelled Hibernation, consuming 2 spell levels and leaving 5?
You start memorising the spell.
You continue memorising. x2
You finish memorising.
Spell assigned to 'e'.
Memorise Dazzling Spray, consuming 3 spell levels and leaving 2?
You start memorising the spell.
You continue memorising. x3
You finish memorising.
Spell assigned to 'd'.
You open the gate. 5 kobolds come into view.
Found 10 gold pieces. 2 kobolds come into view.
The kobold shouts! x5
The kobold throws a stone.
The stone barely misses you.
The kobold shouts! x2
There is an open gate here.
The kobold throws a stone.
The stone hits you.
* * * LOW HITPOINT WARNING * * *
You hit the kobold.
The kobold is moderately wounded.
The kobold barely misses you.
You barely miss the kobold.
The kobold is moderately wounded.
You closely miss the kobold.
The kobold is moderately wounded.
The kobold throws a stone.
The stone completely misses you. The kobold hits you with a whip.
* * * LOW HITPOINT WARNING * * *
Casting: Corona
Confirm with . or Enter, or press ? or * to list all spells.
Aiming: Dazzling Spray
Press: ? - help, Shift-Dir - straight line, f - kobold
Aim: a kobold, wielding a whip (moderately wounded)
The spray of energy hits the kobold.
You kill the kobold!
The spray of energy hits the kobold.
You kill the kobold!
The kobold throws a stone.
The stone closely misses you.
The kobold throws a stone.
The stone hits you.
You die...

.. #.♣ .P ♣ ##..
P.♣P ....## ♣..♣
#..#♣♣P.♣##
#....♣♣.♣.# ♣#
##...(....# #...
###(........####.♣.♣
#...)@.............
##K'(###.........♣
#.KK# ##...###..#
#.$KK. #.......#
#.......
#####(#.....
#.......# ##..# #♣#♣
#.....K.####..##.#
#.......##.......#
#....######...####


You could see 5 kobolds.

Vanquished Creatures
  An adder (D:2)
  A ball python (D:1)
  A bat (D:2)
  A giant cockroach (D:1)
  4 goblins (D:1)
  A hobgoblin (D:1)
  5 kobolds
  A frilled lizard (D:2)
  A rat (D:1)
16 creatures vanquished.

Notes
Turn   | Place    | Note
-------+----------+-------------------------------------------
     0 | D:1      | tidbits the Gnoll Enchanter began the quest for the Orb.
     0 | D:1      | Reached XP level 1. HP: 13/13 MP: 6/6
     9 | D:1      | Noticed an ogre
    45 | D:1      | HP: 1/13 [goblin/dagger (2)]
    67 | D:1      | Reached XP level 2. HP: 3/19 MP: 5/7
   191 | D:2      | Reached XP level 3. HP: 6/25 MP: 9/9
   196 | D:2      | Learned a level 3 spell: Confuse
   199 | D:2      | Learned a level 2 spell: Ensorcelled Hibernation
   203 | D:2      | Learned a level 3 spell: Dazzling Spray
   214 | D:2      | HP: 1/25 [kobold/whip (5)]
   215 | D:2      | Hit by a stone thrown by a kobold

Action                   || total
-------------------------++-------
Melee: Dagger            ||    15
       Whip              ||    25
       Bite              ||     4
 Cast: Corona            ||     6
       Dazzling Spray    ||     1
 Stab: Sleeping          ||     2
Armor: Robe              ||     3
Dodge: Dodged            ||    33

Table legend:
 A = Turns spent in this place as a percentage of turns spent in the entire game.
 B = Non-inter-level travel turns spent in this place as a percentage of non-inter-level travel turns spent in the entire game.
 C = Inter-level travel turns spent in this place as a percentage of turns spent in this place.
 D = Turns resting spent in this place as a percentage of non-inter-level travel turns spent in this place.
 E = Turns spent auto-exploring this place as a percentage of non-inter-level travel turns spent in this place.
 F = Non-inter-level travel turns spent in this place divided by the number of levels of this place that you've seen.
                   A       B       C       D       E      F
               +-------+-------+-------+-------+-------+----------------------
         Total | 100.0 | 100.0 |   0.0 |   0.0 |   0.0 | 107.5
       Dungeon | 100.0 | 100.0 |   0.0 |   0.0 |   0.0 | 107.5
               +-------+-------+-------+-------+-------+----------------------

Table legend:
 A = Kills in this place as a percentage of kills in entire the game.
 B = Kills by you in this place as a percentage of kills by you in the entire game.
 C = Kills by friends in this place as a percentage of kills by friends in the entire game.
 D = Other kills in this place as a percentage of other kills in the entire game.
 E = Experience gained in this place as a percentage of experience gained in the entire game.
 F = Experience gained in this place divided by the number of levels of this place that you have seen.
                   A       B       C       D       E      F
               +-------+-------+-------+-------+-------+----------------------
         Total | 100.0 | 100.0 |   N/A |   N/A | 100.0 |  18.0
       Dungeon | 100.0 | 100.0 |   N/A |   N/A | 100.0 |  18.0
               +-------+-------+-------+-------+-------+----------------------

Vault maps used:
D:1:      evilmike_arrival_come_back, minivault_5, minmay_domino_4
D:2:      cheibrodos_fertilizer, serial_forest, infiniplex_forest_end_double,
          infiniplex_forest_lined_room_3, infiniplex_forest_straight_2,
          infiniplex_forest_lined_ring, infiniplex_forest_end_2,
          infiniplex_forest_join, infiniplex_forest_clump_C, uniq_sigmund
